 Dungeon Crawl Stone Soup version 0.18-a0-46-g45ca8e4 (webtiles) character file.

5164 4thArraOfDagon the Cleaver (level 10, -1/91 HPs)
             Began as a Deep Dwarf Fighter on Nov 6, 2015.
             Was a High Priest of Makhleb.
             Slain by Rupert
             ... wielding a +3 great sword of flaming
              (43 damage)
             ... on level 4 of the Orcish Mines.
             The game lasted 00:20:26 (3181 turns).

4thArraOfDagon the Cleaver (Deep Dwarf Fighter)     Turns: 3181, Time: 00:20:26

Health: -1/91      AC: 16    Str: 21      XL:     10   Next: 33%
Magic:  14/14      EV:  6    Int:  8 (9)  God:    Makhleb [*****.]
Gold:   1749       SH:  0    Dex: 12      Spells: 0 memorised, 9 levels left

rFire  . . .     SeeInvis +     B - +1 battleaxe
rCold  . . .     Clarity  .     C - +0 plate armour
rNeg   . . .     SustAt   .     (shield currently unavailable)
rPois  +         Gourm    .     (helmet restricted)
rElec  .         Spirit   .     (no cloak)
rCorr  .         Warding  .     q - +0 pair of gloves
rMut   .         Stasis   .     w - +0 pair of boots
MR     +....                    (no amulet)
Stlth  ..........               v - ring of poison resistance
                                j - ring of see invisible

@: non-regenerating, drained, somewhat resistant to hostile enchantments,
extremely unstealthy
A: damage resistance, recharge devices, antennae 1, talons 1, blurry vision 2,
deterioration 1, dopey 1, sense surroundings 2, slow regeneration 3, wild magic
1, evolution 1
a: Device Recharging, Minor Destruction, Lesser Servant of Makhleb, Major
Destruction, Greater Servant of Makhleb, Renounce Religion


You were on level 4 of the Orcish Mines.
You worshipped Makhleb.
Makhleb was extremely pleased with you.
You were not hungry.

You visited 3 branches of the dungeon, and saw 16 of its levels.
You also visited: Bailey.

You collected 1749 gold pieces.

Inventory:

Hand Weapons
 a - a +0 war axe
 l - the +8 hand axe "Quklus Doti" {chop, Int+4}
   (You found it on level 10 of the Dungeon)

   It inflicts extra damage upon your enemies.
   It affects your intelligence (+4).
 o - a +0 hand axe of flaming
 p - a +0 great mace
 t - a +0 blowgun
 B - a +1 battleaxe (weapon)
Missiles
 u - 3 curare-tipped needles
 z - 7 tomahawks of returning (quivered)
Armour
 q - a +0 pair of gloves (worn)
 w - a +0 pair of boots (worn)
 C - a +0 plate armour (worn)
 F - the +1 chain mail of the Swamp {rPois}
   (You found it in a bailey)

   It protects you from poison.
Jewellery
 j - a ring of see invisible (left hand)
 v - a ring of poison resistance (right hand)
Wands
 b - a wand of disintegration (9)
 e - a wand of heal wounds (4)
Scrolls
 y - a scroll of noise
Potions
 g - 4 potions of flight
 k - a potion of ambrosia {unknown}
 r - a potion of poison {unknown}
 s - a potion of brilliance {unknown}
Miscellaneous
 D - a lantern of shadows
Comestibles
 c - 4 chunks of flesh
 f - 3 bread rations
 h - 3 meat rations
 i - a royal jelly
 m - 2 beef jerkies
 n - 7 fruits
 x - a slice of pizza


   Skills:
 - Level 6.0(5.9) Fighting
 * Level 10.9(10.8) Axes
 + Level 8.1(8.0) Armour
   Level 3.2 Shields
 * Level 4.2(4.1) Invocations
 + Level 8.9(8.8) Evocations


You had 9 spell levels left.
You didn't know any spells.

Dungeon Overview and Level Annotations

Branches:
Dungeon (11/15)            Temple (1/1) D:5             Orc (4/4) D:11
   Lair: D:8-11         Elf: Orc:3-4

Altars:
Fedhas
Makhleb
Okawaru
Ru
Sif Muna
Trog
Zin

Shops:
D:6 [

Annotations:
Orc:4 Rupert


Innate Abilities, Weirdness & Mutations

You are resistant to damage.
You can recharge devices by infusing magical energy.
You passively map the area around you.
You do not regenerate naturally.
You have a pair of small antennae on your head.
You have sharp toenails.
Scrolls take you longer to read.
Your body sometimes deteriorates upon taking damage.
You are dopey. (Int -2)
Your spells are a little harder to cast, but a little more powerful.
You evolve.


Message History

There is a stone staircase leading down here.
You climb downwards.
Level annotation: Rupert Rupert roars madly and goes into a rage!
Rupert goes berserk!
There is a stone staircase leading up, spattered with blood here.
Unknown command.
A demon appears!
You feel somewhat more hungry.
Rupert hits you with a great sword of flaming.
Rupert burns you.
Unknown command.
Unknown command.
Your plate armour prevents you from hitting Rupert.
Rupert barely misses you.
Your cacodemon hits Rupert. Your cacodemon hits Rupert.
Unknown command.
You slash Rupert!
Rupert is lightly wounded.
Rupert hits you with a great sword of flaming!!!
You die...

, , , ,, , , ,,, *, , ,
, , , * , * , , , , ,,
, * , , , , , , , ,, *
, * ,,* ,,, * * , , ,*
**, , ** , ,* ## * *
##.############### * *
#..@...#..........# ,
#....#..@..............
* , ...
##2............... ,,.
* #...............## ,
,,, ,
#.......#......... , ,
##................ , ,
* , #.......#..#..... *
#................ ,, *
#......#.#........


You could see Rupert (berserk) and a friendly cacodemon.

Vanquished Creatures
  A cyclops (D:11)
  2 tengu conjurers (D:11)
  2 hippogriffs
  Duvessa (D:6)
  11 orc warriors
  An ice beast (D:11)
  3 ogres
  6 giant frogs
  A big kobold (D:11)
  Dowan (D:6)
  A scorpion (D:10)
  7 wights (D:11)
  4 killer bees
  2 crimson imps
  14 orc priests
  28 orc wizards
  A worker ant (D:7)
  A killer bee zombie (D:11)
  3 adders
  A shadow imp (D:5)
  An adder zombie (D:5)
  2 giant geckos (D:6)
  120 orcs
  2 bats (D:1)
  8 goblins
  A hobgoblin (Bailey)
  3 jackals (D:9)
  13 kobolds
  3 quokkas
  5 giant cockroaches
  2 giant newts
  3 rats
254 creatures vanquished.

Vanquished Creatures (others)
  An orc warrior (D:11)
  2 wights (D:11)
  A jelly (D:11)
  An orc (Orc:1)
5 creatures vanquished.

Grand Total: 259 creatures vanquished

Notes
Turn   | Place    | Note
--------------------------------------------------------------
     0 | D:1      | 4thArraOfDagon the Deep Dwarf Fighter began the quest for the Orb.
     0 | D:1      | Reached XP level 1. HP: 20/20 MP: 1/1
   117 | D:1      | Reached XP level 2. HP: 21/27 MP: 2/2
   118 | D:1      | lab d:1
   395 | D:5      | Entered Level 5 of the Dungeon
   402 | D:5      | Reached XP level 3. HP: 15/34 MP: 3/3
   406 | D:5      | Gained mutation: Your body sometimes deteriorates upon taking damage. [potion of mutation]
   406 | D:5      | Gained mutation: You are dopey. (Int -2) [potion of mutation]
   406 | D:5      | Gained mutation: You have sharp toenails. [potion of mutation]
   407 | D:5      | Gained mutation: Your body often deteriorates upon taking damage. [potion of mutation]
   407 | D:5      | Gained mutation: Your spells are a little harder to cast, but a little more powerful. [potion of mutation]
   407 | D:5      | Gained mutation: You evolve. [potion of mutation]
   408 | D:5      | Gained mutation: Scrolls take you a little longer to read. [potion of mutation]
   408 | D:5      | Gained mutation: You have a pair of small antennae on your head. [potion of mutation]
   408 | D:5      | Gained mutation: Scrolls take you longer to read. [potion of mutation]
   409 | D:5      | :(
   547 | D:5      | Found a staircase to the Ecumenical Temple.
   556 | Temple   | Entered the Ecumenical Temple
   589 | Temple   | Became a worshipper of Makhleb the Destroyer
   672 | D:6      | Noticed Duvessa
   672 | D:6      | Noticed Dowan
   802 | D:6      | Noticed an orc warrior
   811 | D:6      | Reached skill level 1 in Evocations
   816 | D:6      | Killed an orc warrior
   816 | D:6      | Reached skill level 4 in Axes
   816 | D:6      | Reached XP level 4. HP: 34/43 MP: 3/5
   816 | D:6      | Reached XP level 5. HP: 38/49 MP: 3/6
   828 | D:6      | Killed Duvessa
   835 | D:6      | Killed Dowan
   835 | D:6      | Reached XP level 6. HP: 27/57 MP: 5/8
   866 | D:6      | Found Xisot's Antique Armour Shoppe.
   874 | D:6      | :(
   874 | D:6      | WASTED
   899 | D:6      | Reached skill level 5 in Axes
   902 | D:6      | Reached * piety under Makhleb
  1014 | D:6      | Reached skill level 5 in Armour
  1014 | D:6      | Reached XP level 7. HP: 16/64 MP: 9/9
  1157 | D:8      | Found a sacrificial altar of Ru.
  1247 | D:8      | Noticed a hill giant
  1252 | D:8      | You fall through a shaft!
  1252 | D:9      | Found a glowing silver altar of Zin.
  1366 | D:8      | Reached skill level 6 in Axes
  1453 | D:9      | Noticed a deep elf mage
  1487 | D:9      | Reached skill level 5 in Evocations
  1487 | D:9      | Reached XP level 8. HP: 23/73 MP: 10/10
  1587 | D:9      | Found an iron altar of Okawaru.
  1646 | D:10     | Entered Level 10 of the Dungeon
  1693 | D:10     | Got a warped hand axe
  1694 | D:10     | Identified the +8 hand axe "Quklus Doti" {chop, Int+4} (You found it on level 10 of the Dungeon)
  1722 | D:10     | Reached ** piety under Makhleb
  1727 | D:10     | Reached skill level 7 in Axes
  1800 | D:10     | Reached skill level 5 in Fighting
  1823 | D:11     | Noticed a cyclops
  1851 | D:9      | Found a deep blue altar of Sif Muna.
  1913 | D:11     | Killed a cyclops
  1913 | D:11     | Reached skill level 8 in Axes
  1913 | D:11     | Gained mutation: You passively map the area around you. [Deep Dwarf growth]
  1913 | D:11     | Reached XP level 9. HP: 37/81 MP: 12/12
  1944 | D:11     | Found a blossoming altar of Fedhas.
  1962 | D:11     | Lost mutation: Your body often deteriorates upon taking damage. [evolution]
  1970 | D:11     | HP: 4/82 [orc warrior/scimitar (17)]
  1982 | D:11     | Reached *** piety under Makhleb
  1984 | D:11     | Reached skill level 9 in Axes
  2009 | D:11     | Found a flagged portal.
  2026 | Bailey   | Entered a bailey
  2030 | Bailey   | WHY
  2134 | Bailey   | Found an iron altar of Okawaru.
  2157 | Bailey   | Got a polished chain mail
  2170 | Bailey   | Identified the cursed +1 chain mail of the Swamp {rPois} (You found it in a bailey)
  2170 | Bailey   | WHY
  2175 | Bailey   | (
  2201 | Bailey   | :(
  2201 | Bailey   | WASTED
  2252 | D:11     | Found a staircase to the Orcish Mines.
  2261 | Orc:1    | Entered Level 1 of the Orcish Mines
  2270 | Orc:1    | Reached **** piety under Makhleb
  2270 | Orc:1    | Reached skill level 10 in Axes
  2339 | Orc:1    | Reached ***** piety under Makhleb
  2339 | Orc:1    | Reached skill level 1 in Invocations
  2343 | Orc:1    | Reached XP level 10. HP: 43/91 MP: 15/15
  2576 | Orc:4    | Entered Level 4 of the Orcish Mines
  2592 | Orc:4    | Noticed Rupert
  2604 | Orc:4    | Noticed a green death
  2965 | Orc:4    | Noticed a blizzard demon
  3181 | Orc:4    | Slain by Rupert

Vault maps used:
D:1:      dpeg_arrival_round_c, serial_park_tiny_2
D:2:      overflow_temple_1_default, nicolae_qazlal_general_emergency
D:3:      first_bread
D:4:      grunt_temple_overflow_open, minmay_misc_feat_plants
D:5:      minmay_temple_entry_butterflies, trog_butcher_becter,
          uniq_prince_ribbit1
D:6:      elyvilon_altar_5, serial_shops, shop_statue,
          kennysheep_generic_room_3, uniq_duvessa
D:7:      roderic_serpentine_path
D:8:      nicolae_ru_great_annihilating_truth, minmay_lair_entry_lava,
          basic_altar
D:9:      nicolae_overflow_crystal_walls, nicolae_overflow_hidden_temple
D:10:     uniq_sonja
D:11:     enter_bailey_3, basic_altar
Temple:   hc_temple_tempest_star
Orc:3:    nicolae_orc_pool_cavern
Orc:4:    st_orc_elflike, uniq_rupert
Bailey:   bailey_axe_3, bailey

Action                   |  1- 3 |  4- 6 |  7- 9 | 10-12 || total
-------------------------+-------+-------+-------+-------++-------
Melee: War axe           |    70 |    64 |    86 |       ||   220
       Hand axe          |       |       |   167 |   104 ||   271
       Battleaxe         |       |       |       |    40 ||    40
Throw: Tomahawk          |       |       |    16 |       ||    16
Invok: Greater Servant o |       |       |       |     3 ||     3
 Abil: Device Recharging |       |       |     1 |     1 ||     2
Evoke: Wand              |     1 |     2 |    10 |     5 ||    18
  Use: Potion            |     6 |       |     2 |       ||     8
       Scroll            |     1 |     1 |    10 |       ||    12
 Stab: Paralysed         |       |       |     2 |       ||     2
       Distracted        |       |       |     1 |       ||     1
       Invisible         |       |       |     6 |       ||     6
  Eat: Chunk             |       |     1 |     4 |     4 ||     9
